 Dungeon Crawl Stone Soup version 0.31-a0-868-g674d60d6f7 (webtiles) character file.

Game seed: 17390365719410918194

414 Xavori the Sneak (level 6, -10/39 HPs)
             Began as an Octopode Chaos Knight on Oct 12, 2023.
             Was a Plaything of Xom.
             Mangled by kd29's ghost (16 damage)
             ... on level 3 of the Dungeon.
             The game lasted 00:05:10 (9247 turns).

Xavori the Sneak (Octopode Chaos Knight)            Turns: 9247, Time: 00:05:10

Health: -10/39     AC:  1    Str: 17    XL:     6   Next: 91%
Magic:  6/6        EV: 13    Int: 14    God:    Xom [.....*]
Gold:   148        SH:  5    Dex: 14    Spells: 5/5 levels left

rFire   . . .        a - +0 short sword (chaos)
rCold   . . .        n - +1 buckler {rN+}
rNeg    + . .        (helmet restricted)
rPois   .            (no amulet)
rElec   .            g - +6 ring of strength
rCorr   .            (no ring)
SInv    .            (no ring)
Will    .....        (no ring)
Stlth   ++++         (no ring)
HPRegen 0.26/turn    (no ring)
MPRegen 0.10/turn    (no ring)
                     (no ring)

%: no passive effects
@: no status effects
A: almost no armour, amphibious, 8 rings, camouflage 1, gelatinous body 1,
(nimble swimmer 1), tentacles, tentacle spike 1, frail 1, wild magic 3,
MP-powered wands
a: Renounce Religion


You were on level 3 of the Dungeon.
You worshipped Xom.
You were Xom's teddy bear.
You visited 1 branch of the dungeon, and saw 3 of its levels.

You collected 148 gold pieces.

Inventory:

Hand Weapons
 a - a +0 short sword of chaos (weapon)
Armour
 n - a +1 buckler of positive energy (worn)
Jewellery
 g - a +6 ring of strength (left tentacle)
Wands
 p - a wand of mindburst (1)
 q - a wand of acid (4)
Scrolls
 b - a scroll of butterflies
 c - 3 scrolls of immolation {unknown}
 d - 2 scrolls of revelation {unknown}
 e - a scroll of torment {unknown}
 f - 4 scrolls of identify {unknown}
 k - a scroll of noise {unknown}
 r - a scroll of vulnerability {unknown}
 s - a scroll of fear {unknown}
 t - 2 scrolls of teleportation {unknown}
 u - a scroll of blinking {unknown}
Potions
 h - a potion of attraction {unknown}
 i - 2 potions of heal wounds {unknown}
 j - a potion of degeneration {unknown}
 l - 4 potions of mutation {unknown}
 m - a potion of haste {unknown}
Miscellaneous
 o - a tin of tremorstones (2/2)


   Skills:
 + Level 4.5 Fighting
 + Level 4.5 Short Blades
 + Level 3.5 Dodging
 + Level 5.3 Stealth
 + Level 0.7 Shields


You had 5 spell levels left.
You didn't know any spells.
Your spell library contained the following spells:

 Spells                   Type           Power      Damage    Failure   Level
 Ensorcelled Hibernation  Hex/Ice        0%         N/A       75%         2
 Passwall                 Tmut/Erth      0%         N/A       75%         2
 Swiftness                Air            0%         N/A       91%         3


Dungeon Overview and Level Annotations

Branches:
Dungeon (3/15)

Altars:
Xom

Annotations:
D:3 kd29's ghost, amateur GrFi


Innate Abilities, Weirdness & Mutations

You cannot wear most types of armour.
You are amphibious.
You can wear up to eight rings at the same time.
Your skin changes colour to match your surroundings (Stealth+).
Your rubbery body absorbs attacks. (AC +1, EV +1)
((You are camouflaged when in or above water. (Stealth+)))
You have tentacles for arms and can constrict up to eight enemies at once.
One of your tentacles bears a spike.
You are frail. (-10% HP)
Your spells are much harder to cast, but much more powerful.
You expend magic power (3 MP) to strengthen your wands.


Message History

No target in view!
Key pressed, stopping explore.
No target in view!
No target in view!
Found a chain mail.
No reachable target in view!
No reachable target in view!
You open the large door.
Kd29's ghost turns its malevolent gaze towards you.
There is a large open translucent door here.
Kd29's ghost hits you!
You hit kd29's ghost but do no damage.
Your tentacle spike misses kd29's ghost.
Kd29's ghost closely misses you.
You hit kd29's ghost but do no damage.
You pierce kd29's ghost.
Your squeeze misses kd29's ghost.
Kd29's ghost is lightly damaged.
Kd29's ghost hits you but does no damage.
You barely miss kd29's ghost.
Your tentacle spike misses kd29's ghost.
Your squeeze misses kd29's ghost.
Kd29's ghost is lightly damaged.
You closely miss kd29's ghost.
Kd29's ghost is lightly damaged.
Kd29's ghost hits you.
You hit kd29's ghost. You burn kd29's ghost.
You pierce kd29's ghost, but do no damage.
Kd29's ghost is lightly damaged.
Kd29's ghost hits you!
You completely miss kd29's ghost.
Your tentacle spike misses kd29's ghost.
Kd29's ghost is lightly damaged.
Your butterfly disappears in a puff of smoke!
Kd29's ghost hits you!
* * * LOW HITPOINT WARNING * * *
You hit kd29's ghost. You freeze kd29's ghost.
Kd29's ghost is moderately damaged.
Kd29's ghost hits you!
You die...
Xom laughs nastily! #.# #...>...# #.... #.# ####.#.####..... #.8.. #.# #>...#.# .#### #.... #.# #.####.# #### ####' ..# #.# #.#####..## ##.. bb#

#.# #.#..#..#~# #...
#.####b####.#b.#~⌠b~##
##..
#..b.........bbbbW.[.#
##.
...b.........b.'@#..##
####
......#######..#.~...#
#... #.##..#
#..#..~### #.##
#.##..# ####.##≈# #.#
#.##..# ######### ##
#.# #.##..# #.......#
#.# ......####.#####.#
.######.##
#..........# #.####
..........
..###.####.#
#....#...######.##


You could see kd29's ghost.

Vanquished Creatures
  A jelly (D:3)
  5 orc wizards (D:3)
  Robin (D:2)
  7 gnolls (D:2)
  6 adders
  A worm (D:2)
  A dart slug (D:1)
  11 orcs
  7 endoplasms
  A giant cockroach (D:3)
  8 hobgoblins
  4 jackals
  A quokka (D:3)
  6 ball pythons
  3 bats
  6 frilled lizards
  13 goblins
  4 kobolds
  5 rats
91 creatures vanquished.

Vanquished Creatures (others)
  A tengu (shapeshifter) (D:2)
1 creature vanquished.

Grand Total: 92 creatures vanquished

Notes
Turn   | Place    | Note
-------+----------+-------------------------------------------
     0 | D:1      | Xavori the Octopode Chaos Knight began the quest for the
                  | Orb.
     0 | D:1      | Reached XP level 1. HP: 16/16 MP: 1/1
    40 | D:1      | You fall into a shaft and drop 1 floor!
    86 | D:2      | Noticed Robin
    91 | D:2      | XOM: potion effect (berserk rage)
    93 | D:2      | XOM: silly message
    99 | D:2      | Killed Robin
   100 | D:2      | Reached XP level 2. HP: 18/21 MP: 2/2
   103 | D:2      | Reached XP level 3. HP: 26/26 MP: 3/3
   107 | D:2      | XOM: silly message
   111 | D:2      | Reached XP level 4. HP: 24/33 MP: 4/4
   111 | D:2      | a jackal changed into a shapeshifter
   111 | D:2      | Noticed a shapeshifter (shapeshifter)
   111 | D:2      | a shapeshifter changed into a golden eye
   111 | D:2      | Noticed a golden eye (shapeshifter)
   116 | D:2      | a golden eye changed into a tengu
   116 | D:2      | Noticed a tengu (shapeshifter)
   129 | D:2      | XOM: polymorph goblin -> bat
   131 | D:2      | XOM: scenery: summon butterflies
   136 | D:2      | Killed a tengu
   136 | D:2      | XOM: divine lightning
   246 | D:2      | XOM: noise
   480 | D:1      | XOM: stat loss: -1 Dex (12/13)
   597 | D:1      | XOM: divination: magic mapping
   916 | D:1      | Reached XP level 5. HP: 36/37 MP: 5/5
  1054 | D:1      | XOM: give mutation
  1054 | D:1      | Gained mutation: You possess an exceptional clarity of
                  | mind. [Xom's mischief]
  1069 | D:1      | XOM: silly message
  1662 | D:1      | XOM: silly message
  2236 | D:1      | XOM: summons 3 hostile demons
  2567 | D:1      | XOM: noise
  2897 | D:1      | XOM: give mutation
  2897 | D:1      | Gained mutation: You are clumsy. (Dex -2) [Xom's mischief]
  3152 | D:1      | XOM: scenery: create altars
  3730 | D:1      | XOM: scenery: create altars
  3943 | D:1      | XOM is BORED!
  3943 | D:1      | XOM: give mutations
  3943 | D:1      | Lost mutation: You are clumsy. (Dex -2) [Xom's mischief]
  3943 | D:1      | Gained mutation: You are partially covered in iridescent
                  | scales. (AC +2) [Xom's mischief]
  3943 | D:1      | Lost mutation: You are partially covered in iridescent
                  | scales. (AC +2) [Xom's mischief]
  4560 | D:1      | XOM: give mutations
  4560 | D:1      | Gained mutation: Your spells are a little harder to cast,
                  | but a little more powerful. [Xom's grace]
  4560 | D:1      | Gained mutation: Your system is resistant to poisons.
                  | (rPois) [Xom's grace]
  4560 | D:1      | Gained mutation: Your spells are harder to cast, but more
                  | powerful. [Xom's grace]
  4560 | D:1      | Gained mutation: You passively map a small area around you.
                  | [Xom's grace]
  5308 | D:1      | XOM: god gift: 8 stones
  5461 | D:1      | XOM: god gift: +1 buckler of positive energy
  5671 | D:1      | XOM: give mutation
  5671 | D:1      | Gained mutation: Your muscles are strong. (Str +4, Int/Dex
                  | -1) [Xom's grace]
  5709 | D:1      | XOM: god gift: tin of tremorstones (2/2)
  6116 | D:1      | XOM: 2-stop teleportation journey
  6414 | D:1      | XOM: give mutations
  6414 | D:1      | Gained mutation: Your spells are much harder to cast, but
                  | much more powerful. [Xom's mischief]
  6414 | D:1      | Lost mutation: Your muscles are strong. (Str +4, Int/Dex
                  | -1) [Xom's mischief]
  6414 | D:1      | Lost mutation: Your spells are much harder to cast, but
                  | much more powerful. [Xom's mischief]
  6414 | D:1      | Lost mutation: You passively map a small area around you.
                  | [Xom's mischief]
  6520 | D:1      | XOM: god gift: copper wand {god gift}
  6697 | D:1      | XOM: god gift: scimitar {god gift}
  6909 | D:1      | XOM: give mutations
  6909 | D:1      | Gained mutation: Your spells are much harder to cast, but
                  | much more powerful. [Xom's grace]
  6909 | D:1      | Gained mutation: Your flesh is heat resistant. (rF+) [Xom's
                  | grace]
  6909 | D:1      | Gained mutation: One of your tentacles bears a spike.
                  | [Xom's grace]
  6957 | D:1      | XOM: god gift: wand of acid (4)
  7319 | D:1      | XOM: scenery: summon butterflies
  7368 | D:1      | XOM: draining
  7756 | D:2      | Reached skill level 1 in Stealth
  7927 | D:3      | Reached skill level 2 in Stealth
  8112 | D:2      | XOM: torment (22/38 hp)
  8185 | D:2      | XOM: give mutations
  8185 | D:2      | Lost mutation: Your flesh is heat resistant. (rF+) [Xom's
                  | mischief]
  8185 | D:2      | Lost mutation: Your system is resistant to poisons. (rPois)
                  | [Xom's mischief]
  8185 | D:2      | Lost mutation: You possess an exceptional clarity of mind.
                  | [Xom's mischief]
  8185 | D:2      | Gained mutation: You are frail. (-10% HP) [Xom's mischief]
  8228 | D:3      | Reached skill level 3 in Stealth
  8228 | D:3      | Reached XP level 6. HP: 33/39 MP: 6/6
  8399 | D:3      | XOM: chaos upgrade
  8403 | D:3      | Reached skill level 4 in Stealth
  8527 | D:3      | XOM: polymorph orc -> frilled lizard
  8708 | D:3      | XOM: 2-stop teleportation journey
  8810 | D:3      | XOM: give mutation
  8810 | D:3      | Gained mutation: You expend magic power (3 MP) to
                  | strengthen your wands. [Xom's grace]
  8841 | D:3      | Reached skill level 5 in Stealth
  8894 | D:3      | XOM: polymorph rat -> jackal
  8928 | D:3      | XOM: butterfly on damage
  9010 | D:3      | XOM: god gift: 2 javelins
  9036 | D:3      | XOM: scenery: create altars
  9221 | D:3      | XOM: scenery: summon butterflies
  9231 | D:3      | Found a large runed translucent door.
  9231 | D:3      | Found a large runed translucent door.
  9235 | D:3      | Noticed kd29's ghost (amateur GrFi)
  9247 | D:3      | Mangled by kd29's ghost

Illustrated notes

Levels and vault maps discovered:
D:1:      dpeg_cavernosity, layout_rooms, serial_curves, eino_curves_01,
          eino_curves_04, eino_curves_03, eino_curves_02
D:2:      layout_basic, uniq_robin
D:3:      layout_loops_ring, ebering_ghost_disaster_area, grunt_ministairs_3,
          serial_bayou_ford_a, nicolae_titane

Skill      XL: |  1  2  3  4  5  6 |
---------------+-------------------+-----
Short Blades   | 4 |  4.5
Dodging        | 3 |  3.5
Fighting       | 4 |  4.5
Stealth        | 3 5 |  5.3
Shields        | |  0.7

Action                     |  1- 3 |  4- 6 || total
---------------------------+-------+-------++-------
  Melee: Short sword       |    23 |   175 ||   198
         Constrict         |     7 |    46 ||    53
         Tentacles         |     4 |    43 ||    47
         Kick              |       |    29 ||    29
         Punch             |       |     1 ||     1
   Stab: Sleeping          |       |    18 ||    18
 Armour: Skin              |     8 |    74 ||    82
  Dodge: Dodged            |    15 |    99 ||   114
  Block: Buckler           |       |    19 ||    19

Table legend: (Time is in decaauts)
 A = Elapsed time spent in this place.
 B = Non-inter-level travel time spent in this place.
 C = Inter-level travel time spent in this place.
 D = Time resting spent in this place.
 E = Time spent auto-exploring this place.
 F = Levels seen in this place.
 G = Mean time per level.
                   A        B        C        D        E       F      G
               +--------+--------+--------+--------+--------+-----+--------+
         Total |   9222 |   9164 |     58 |   6938 |   1683 |   3 | 3074.0 |
       Dungeon |   9222 |   9164 |     58 |   6938 |   1683 |   3 | 3074.0 |
               +--------+--------+--------+--------+--------+-----+--------+

Top non-repeatable levels by time:
     D:1: 6890 daAuts
     D:2: 1299 daAuts
     D:3: 1032 daAuts
